 Dungeon Crawl Stone Soup version 0.31.0-32-g396128a36d (webtiles) character file.

Game seed: 17794480243893844176

6134 thoas the Cleaver (level 10, -5/64 HPs)
             Began as a Gargoyle Fighter on Apr 1, 2024.
             Was a Believer of the Shining One.
             Slain by Maurice
             ... wielding a +0 short sword
              (6 damage)
             ... on level 6 of the Dungeon.
             The game lasted 00:24:34 (8314 turns).

thoas the Cleaver (Gargoyle Fighter)                Turns: 8314, Time: 00:24:35

Health: -5/64      AC:  0    Str: 21    XL:     10   Next: 89%
Magic:  0/13       EV: 13    Int:  8    God:    the Shining One [**....]
Gold:   0          SH:  0    Dex: 13    Spells: 9/9 levels left

rFire   . . .        a - melded +0 war axe
rCold   . . .        c - melded +0 buckler
rNeg    + + .        r - melded +2 plate armour {rN+}
rPois   ∞            n - melded +0 helmet
rElec   .            (cloak currently unavailable)
rCorr   .            (gloves currently unavailable)
SInv    .            (boots currently unavailable)
Will    .....        I - amulet of the acrobat
Stlth   +            y - melded ring of protection from cold
HPRegen 0.30/turn    L - melded ring "Eqecos" {rN+ Dex+6}
MPRegen 0.13/turn

%: acrobat
@: pig-form (expiring), glowing, very quick
A: fast, no casting, sickness immunity, AC +7, small, negative energy resistance
1, (electricity resistance), torment resistance 1, petrification resistance
a: Renounce Religion, Divine Shield


You were on level 6 of the Dungeon.
You worshipped the Shining One.
The Shining One was pleased with you.
You were a filthy swine.
You visited 2 branches of the dungeon, and saw 8 of its levels.

Inventory:

Hand Weapons
 a - a +0 war axe (melded)
 O - a +0 whip
Missiles
 d - 2 datura-tipped darts (quivered)
 N - 2 curare-tipped darts
 P - 4 poisoned darts
Armour
 b - a +0 scale mail
 c - a +0 buckler (melded)
 n - a +0 helmet (melded)
 r - a +2 plate armour of positive energy (melded)
Jewellery
 y - a ring of protection from cold (melded)
 I - an amulet of the acrobat (around neck)
 J - a ring of wizardry
 L - the ring "Eqecos" (melded) {rN+ Dex+6}
   (You took it off an orc priest on level 6 of the Dungeon)

   [ring of dexterity]

   Dex+6:     It affects your dexterity (+6).
   rN+:       It protects you from negative energy.
Wands
 E - a wand of digging (4)
Scrolls
 g - a scroll of poison {unknown}
 h - a scroll of vulnerability {unknown}
 i - 3 scrolls of silence {unknown}
 l - 3 scrolls of amnesia {unknown}
 m - 3 scrolls of noise {unknown}
 o - 4 scrolls of blinking {unknown}
 s - 5 scrolls of identify {unknown}
 t - 2 scrolls of enchant armour {unknown}
 u - 4 scrolls of teleportation {unknown}
 x - 2 scrolls of enchant weapon {unknown}
 D - a scroll of immolation {unknown}
 G - a scroll of brand weapon {unknown}
 H - a scroll of summoning {unknown}
Potions
 e - 2 potions of haste {unknown}
 f - 2 potions of berserk rage {unknown}
 j - 2 potions of curing {unknown}
 k - 2 potions of brilliance {unknown}
 p - 2 potions of invisibility {unknown}
 q - a potion of enlightenment {unknown}
 v - a potion of mutation {unknown}
 w - a potion of resistance {unknown}
 z - 2 potions of attraction {unknown}
 A - 2 potions of heal wounds {unknown}
 B - a potion of magic {unknown}
 C - a potion of lignification {unknown}


   Skills:
 + Level 8.3 Fighting
 * Level 9.1 Axes
 + Level 8.3 Armour
 - Level 0.1 Dodging
 + Level 8.2 Shields
 + Level 4.9 Invocations


You had 9 spell levels left.
You didn't know any spells.
Your spell library contained the following spells:

 Spells                   Type           Power      Damage    Failure   Level
 Apportation              Tloc           0%         N/A       41%         1
 Freeze                   Ice            0%         1d3       41%         1
 Necrotise                Necr           0%         1d4       41%         1
 Sting                    Conj/Alch      0%         1d3       41%         1
 Summon Small Mammal      Summ           0%         N/A       41%         1
 Blink                    Tloc           0%         N/A       54%         2
 Ensorcelled Hibernation  Hex/Ice        0%         N/A       54%         2
 Jinxbite                 Hex            0%         N/A       54%         2
 Lesser Beckoning         Tloc           0%         N/A       54%         2
 Momentum Strike          Conj/Tloc      0%         3d8       54%         2
 Frozen Ramparts          Ice            0%         1d1       78%         3
 Hailstorm                Conj/Ice       0%         3d5       78%         3
 Passwall                 Erth           0%         N/A       78%         3
 Swiftness                Air            0%         N/A       78%         3
 Alistair's Intoxication  Alch           0%         N/A       100%        5


Dungeon Overview and Level Annotations

Branches:
Dungeon (7/15)             Temple (1/1) D:5

Altars:
Ashenzari
Cheibriados
Dithmenos
Elyvilon
Fedhas
Gozag
Hepliaklqana
Kikubaaqudgha
Makhleb
Nemelex Xobeh
Okawaru
Qazlal
Ru
Sif Muna
Trog
Uskayaw
Vehumet
Wu Jian
Xom
Yredelemnul
Zin
The Shining One

Annotations:
D:4 1 runed translucent door, Crazy Yiuf
D:6 Maurice


Innate Abilities, Weirdness & Mutations

You are a filthy swine.
You move quickly.
Your equipment is almost entirely melded.
You are incapable of wielding weapons or throwing items.
You cannot cast spells.
You are immune to sickness and miasma.
((Your stone body is resilient. (AC +7)))
You are immune to poison.
You resist negative energy. (rN+)
((You are resistant to electric shocks. (rElec)))
You are resistant to unholy torment.
You are immune to petrification.


Message History

Maurice drains your magic.
You hit Maurice but do no damage.
Maurice is severely wounded.
Maurice is nearby!
Maurice completely misses you. Maurice bites you. Maurice drains your magic.
Your transformation is almost over.
Maurice completely misses you. Maurice bites you! Maurice drains your magic.
Maurice completely misses you. Maurice misses you.
Maurice barely misses you. x2
You climb upwards.
Reactivating autopickup.
There is a stone staircase leading down here.
You hit Maurice.
Maurice is severely wounded.
Maurice hits you with a +0 short sword!
* * * LOW HITPOINT WARNING * * *
Maurice steals your +0 kite shield!
Maurice wears a +0 kite shield.
Maurice barely misses you.
You bite Maurice!
Maurice is almost dead.
Maurice closely misses you. Maurice barely misses you.
You hit Maurice.
Maurice is almost dead.
Maurice hits you with a +0 short sword!
* * * LOW HITPOINT WARNING * * *
Maurice steals 15 gold pieces!
You now have 0 gold pieces.
Maurice closely misses you.
You barely miss Maurice.
Maurice is almost dead.
Maurice hits you with a +0 short sword.
* * * LOW HITPOINT WARNING * * *
Maurice groans, "What are you, a monk?" Maurice bites you.
* * * LOW HITPOINT WARNING * * *
You feel your power leaking away. Maurice drains your magic.
Maurice blocks your attack.
Maurice is almost dead.
Maurice completely misses you. Maurice bites you.
You die...

........#............#.<....####.
..###..##.......#...........##.#.
###≈#..##......##................
#≈≈≈#..........##..#..........##)
≈≈###...........#.##...........))
≈≈#............##.##........).)..
≈≈......#....#.............).))..
≈≈..#...#...##........#......#.[.
~~~............fh....##......#[#.
≈≈...<...[.....................#.
~≈~...........##................)
~≈............###...#####...).##.
~~....^.......#.#~~≈≈≈≈#.........
~~..~...........#...######.......
~~..........##......##...#..)....
~≈...........#......##.....)..##.
~~.....##...........#............


You could see Maurice (invisible).

Vanquished Creatures
  A two-headed ogre (D:6)
  A kobold demonologist (D:6)
  Grinder (D:3)
  Prince Ribbit (D:5)
  Eustachio (D:6)
  A steam dragon (D:6)
  3 water moccasins (D:6)
  3 black bears
  2 orc warriors (D:6)
  An ice beast (D:5)
  11 ogres
  A wolf (D:6)
  A centaur (D:5)
  A phantom (D:5)
  3 kobold brigands (D:6)
  2 gnoll sergeants (D:6)
  3 scorpions
  Dowan (D:4)
  7 wights
  6 howler monkeys (D:6)
  12 hounds
  A jelly (D:5)
  4 gnoll boudas
  7 orc priests (D:6)
  7 iguanas
  3 sleepcaps
  Jessica (D:2)
  2 orc wizards (D:6)
  9 gnolls
  9 adders
  2 shadow imps
  3 dart slugs
  3 ribbon worms
  7 orcs
  10 ball pythons
  8 endoplasms
  3 giant cockroaches
  9 goblins
  7 hobgoblins
  8 jackals (D:3)
  4 quokkas
  11 bats
  2 frilled lizards
  5 kobolds
  8 rats
196 creatures vanquished.

Vanquished Creatures (collateral kills)
  Duvessa (D:4)
1 creature vanquished.

Vanquished Creatures (others)
  An orc wizard (D:5)
1 creature vanquished.

Grand Total: 198 creatures vanquished

Notes
Turn   | Place    | Note
-------+----------+-------------------------------------------
     0 | D:1      | thoas the Gargoyle Fighter began the quest for the Orb.
     0 | D:1      | Reached XP level 1. HP: 14/14 MP: 1/1
    64 | D:1      | Reached XP level 2. HP: 5/19 MP: 2/2
   261 | D:1      | Reached skill level 2 in Axes
   352 | D:1      | Reached XP level 3. HP: 20/24 MP: 3/3
   929 | D:2      | Reached XP level 4. HP: 29/29 MP: 4/4
  1225 | D:2      | Found a broken altar of Ashenzari.
  1374 | D:2      | Noticed a scorpion
  1380 | D:2      | Killed a scorpion
  1381 | D:2      | Reached skill level 3 in Axes
  1381 | D:2      | Reached XP level 5. HP: 33/33 MP: 5/5
  1437 | D:2      | Noticed Jessica
  1446 | D:2      | Killed Jessica
  1761 | D:3      | Noticed Grinder
  1762 | D:3      | Paralysed by Grinder for 3 turns
  1770 | D:3      | Paralysed by Grinder for 4 turns
  1784 | D:3      | Paralysed by Grinder for 4 turns
  1799 | D:3      | Paralysed by Grinder for 4 turns
  1806 | D:3      | Killed Grinder
  1807 | D:3      | Reached skill level 4 in Axes
  1807 | D:3      | Reached XP level 6. HP: 28/40 MP: 6/6
  2082 | D:3      | Reached XP level 7. HP: 44/44 MP: 7/7
  2768 | D:4      | Found a sand-covered staircase.
  3056 | D:4      | Noticed Dowan
  3057 | D:4      | Noticed Duvessa
  3062 | D:4      | Killed Duvessa
  3063 | D:4      | Reached skill level 5 in Fighting
  3063 | D:4      | Reached skill level 5 in Armour
  3090 | D:4      | Killed Dowan
  3091 | D:4      | Reached skill level 5 in Shields
  3534 | D:4      | Found a runed translucent door.
  3535 | D:4      | Noticed Crazy Yiuf
  3582 | D:5      | Entered Level 5 of the Dungeon
  3716 | D:5      | Reached skill level 5 in Axes
  3884 | D:5      | Found a staircase to the Ecumenical Temple.
  3969 | Temple   | Entered the Ecumenical Temple
  4000 | Temple   | Became a worshipper of the Shining One
  4054 | D:5      | Reached XP level 8. HP: 49/50 MP: 8/8
  4279 | D:5      | Noticed Prince Ribbit
  4518 | D:5      | Reached skill level 6 in Axes
  4702 | D:5      | Killed Prince Ribbit
  4836 | D:6      | Reached * piety under the Shining One
  4845 | D:5      | Reached XP level 9. HP: 32/56 MP: 9/9
  5210 | D:6      | Noticed Eustachio
  5216 | D:6      | Killed Eustachio
  5217 | D:6      | Reached skill level 1 in Invocations
  5361 | D:6      | Reached skill level 7 in Axes
  5416 | D:6      | Found a basalt altar of Yredelemnul.
  6105 | D:6      | Reached ** piety under the Shining One
  6158 | D:6      | Identified the ring "Eqecos" {rN+ Dex+6}
  6161 | D:6      | Reached XP level 10. HP: 32/63 MP: 12/12
  6168 | D:6      | Reached skill level 8 in Axes
  6682 | D:6      | Noticed a kobold demonologist
  6721 | D:6      | Killed a kobold demonologist
  6998 | D:6      | Found a white marble altar of Elyvilon.
  7337 | D:6      | HP: 2/64 [kobold brigand/+0 whip (4)]
  7864 | D:6      | Noticed a two-headed ogre
  7893 | D:6      | Killed a two-headed ogre
  7894 | D:6      | Reached skill level 9 in Axes
  8269 | D:7      | Noticed Maurice
  8272 | D:7      | Maurice stole 4 datura-tipped darts
  8275 | D:7      | Maurice stole a +4 dagger of venom
  8289 | D:7      | Maurice stole a ring of protection from cold
  8295 | D:7      | Maurice stole 483 gold
  8310 | D:6      | Maurice stole a +0 kite shield
  8312 | D:6      | Maurice stole 15 gold
  8313 | D:6      | HP: 1/64 [Maurice/+0 short sword (3)]
  8314 | D:6      | Slain by Maurice

Illustrated notes

Levels and vault maps discovered:
D:1:      minmay_arrival_hallway, layout_basic, minmay_misc_feat_cross,
          minmay_crystal_water, nicolae_concentric_dashed_squares_wild,
          minmay_split_cup_large
D:2:      layout_loops_ring, basic_altar, nicolae_houndstooth_variations,
          uniq_jessica
D:3:      layout_loops_ring, minivault_27, serial_bayou_lagoon_b, uniq_grinder
D:4:      layout_loops_ring, nicolae_ossuary_entry_monument, uniq_duvessa,
          uniq_crazy_yiuf_cottage
D:5:      minmay_inner_zag, layout_basic, minmay_temple_entry_crystal_x,
          uniq_prince_ribbit1
D:6:      lemuel_castle_with_subvaults [lemuel_castle_interior_carwin_3],
          layout_cave_pools, nicolae_overflow_hidden_temple,
          nicolae_overflow_crystal_walls, serial_rivers,
          chequers_serial_rivers_room_a, chequers_serial_rivers_micro_b,
          chequers_serial_rivers_room_a, chequers_serial_rivers_small_3,
          minmay_puff, uniq_eustachio
D:7:      layout_basic, feat_on_display, uniq_maurice, uniq_jeremiah
Temple:   mainiacjoe_temple_big_plus

Skill      XL: |  1  2  3  4  5  6  7  8  9 10 |
---------------+-------------------------------+-----
Axes           | 2 3 4 5 6 7 9 |  9.1
Fighting       | 4 5 6 7 8 |  8.3
Armour         | 4 5 6 7 8 |  8.3
Shields        | 4 5 6 7 8 |  8.2
Invocations    | 3 4 |  4.9
Dodging        | |  0.1

Action                     |  1- 3 |  4- 6 |  7- 9 | 10-12 || total
---------------------------+-------+-------+-------+-------++-------
  Melee: War axe           |   112 |   130 |   335 |   191 ||   768
         Unarmed           |       |       |       |    10 ||    10
  Throw: Dart              |       |       |     4 |       ||     4
  Evoke: Wand              |       |       |    14 |     4 ||    18
    Use: Potion            |       |     1 |       |       ||     1
 Armour: Scale mail        |   124 |       |       |       ||   124
         Plate armour      |       |   124 |   353 |   163 ||   640
         Skin              |       |       |     9 |     9 ||    18
  Dodge: Dodged            |    90 |    34 |   198 |    98 ||   420
  Block: Buckler           |    38 |    27 |    98 |    62 ||   225
